 Dungeon Crawl Stone Soup version 0.28-a0-1227-ga9037bb4c8 (webtiles) character file.

Game seed: 7827013532733471608

116 ragingrage the Ogre Mage (level 5, 0/45 HPs)
             Began as an Ogre Fire Elementalist on Dec 22, 2021.
             Killed by divine providence
             ... invoked by an orc priest
              (13 damage)
             ... on level 3 of the Dungeon.
             The game lasted 00:06:05 (4311 turns).

ragingrage the Ogre Mage (Ogre Fire Elementalist)   Turns: 4311, Time: 00:06:05

Health: 0/45       AC:  3    Str: 12    XL:     5   Next: 1%
Magic:  1/10       EV:  9    Int: 18    God:
Gold:   25         SH:  0    Dex:  9    Spells: 10/11 levels left

rFire   . . .      SeeInvis .   f - +0 hand axe
rCold   . . .      Faith    .   (no shield)
rNeg    . . .      Spirit   .   a - +0 robe
rPois   .          Reflect  .   (helmet restricted)
rElec   .          Harm     .   (no cloak)
rCorr   .          Rampage  .   (gloves unavailable)
Will    .....                   (boots unavailable)
Stlth   +.........              (no amulet)
HPRegen 0.15/turn               (no ring)
MPRegen 0.12/turn               (no ring)

@: no status effects
A: large, unfitting armour, tough skin 1
a: no special abilities


You were on level 3 of the Dungeon.
You visited 1 branch of the dungeon, and saw 3 of its levels.

You collected 64 gold pieces.
You spent 39 gold pieces at shops.

Inventory:

Hand Weapons
 f - a +0 hand axe (weapon)
Missiles
 e - 6 large rocks
Armour
 a - a +0 robe (worn)
Scrolls
 b - 4 scrolls of identify {unknown}
 d - a scroll of magic mapping {unknown}
 h - a scroll of enchant armour {unknown}
 m - 3 scrolls of torment {unknown}
 n - a scroll of immolation {unknown}
 o - a scroll of blinking {unknown}
Potions
 c - a potion of flight {unknown}
 g - 2 potions of might {unknown}
 i - a potion of curing {unknown}
 j - 2 potions of lignification
 k - a potion of mutation {unknown}
 l - a potion of attraction {unknown}


   Skills:
 - Level 1.7 Dodging
 - Level 1.4 Stealth
 + Level 3.8 Spellcasting
 + Level 2.4 Conjurations
 + Level 3.5 Fire Magic


You had 10 spell levels left.
You knew the following spells:

 Your Spells              Type           Power      Damage    Failure   Level
a - Foxfire               Conj/Fire      56%        2x1d6     4%          1

Your spell library contained the following spells:

 Spells                   Type           Power      Damage    Failure   Level
 Scorch                   Fire           32%        2d7       5%          2
 Conjure Flame            Conj/Fire      14%        6-21      13%         3
 Inner Flame              Hex/Fire       9%         N/A       22%         3
 Flame Wave               Conj/Fire      14%        2d5       41%         4


Dungeon Overview and Level Annotations

Branches:
Dungeon (3/15)

Altars:

Shops:
D:3 !


Innate Abilities, Weirdness & Mutations

You are too large for most types of armour.
You have tough skin. (AC +1)


Message History

You conjure some foxfire!
The foxfire hits the orc.
The orc is severely wounded.
The foxfire hits the orc.
You kill the orc!
The foxfire hits the orc.
You kill the orc!
The foxfire hits the hobgoblin.
The hobgoblin is heavily wounded.
The orc priest mumbles some strange prayers to Beogh against you.
Beogh smites you!
* * * LOW HITPOINT WARNING * * *
You have reached level 5!
The hobgoblin is engulfed in a cloud of scalding steam.
You kill the hobgoblin!
Casting: Foxfire (safe; 4% risk of failure)
Confirm with . or Enter, or press ? or * to list all spells.
You conjure some foxfire!
Casting: Foxfire (safe; 4% risk of failure)
Confirm with . or Enter, or press ? or * to list all spells.
You conjure some foxfire!
Casting: Foxfire (safe; 4% risk of failure)
Confirm with . or Enter, or press ? or * to list all spells.
You conjure some foxfire!
The foxfire hits the orc priest but does no damage.
Casting: Foxfire (safe; 4% risk of failure)
Confirm with . or Enter, or press ? or * to list all spells.
You conjure some foxfire!
Your foxfire dissipates!
The foxfire hits the orc priest but does no damage.
Casting: Foxfire (safe; 4% risk of failure)
Confirm with . or Enter, or press ? or * to list all spells.
You don't have enough magic to cast this spell.
Casting: Foxfire (safe; 4% risk of failure)
Confirm with . or Enter, or press ? or * to list all spells.
You don't have enough magic to cast this spell.
Your foxfire dissipates!
Your foxfire dissipates!
The orc priest calls down the wrath of Beogh upon you.
Beogh smites you!
You die...

##..)..# #...#### ##..##
####### ..÷.# #.....#
..######### #.....#
..<.......########.....#
.......................#
..#.##############.....#
........ .......@......#
.##.####
#########.....### .(..#
#.....o.# .####
#######.# ## #.## #### ♣
♣#§.# ...#######
≈♣♣≈≈♣§#.## ##........
P≈≈≈≈≈†≈§..# ().......#
≈≈≈ov.≈≈)..#


You could see an orc priest.

Vanquished Creatures
  A jelly (D:2)
  An adder (D:2)
  2 worms (D:2)
  3 dart slugs
  3 orcs (D:3)
  6 ball pythons
  8 endoplasms (D:2)
  2 giant cockroaches
  3 goblins
  7 hobgoblins
  12 kobolds
  3 quokkas
  A bat (D:3)
  A frilled lizard (D:1)
  5 rats
58 creatures vanquished.

Vanquished Creatures (collateral kills)
  A foxfire (D:3)
1 creature vanquished.

Vanquished Creatures (others)
  247 foxfires
  8 fungi (D:2)
  12 plants (D:3)
  8 toadstools (D:2)
275 creatures vanquished.

Grand Total: 334 creatures vanquished

Notes
Turn   | Place    | Note
-------+----------+-------------------------------------------
     0 | D:1      | ragingrage the Ogre Fire Elementalist began the quest for
                  | the Orb.
     0 | D:1      | Reached XP level 1. HP: 16/16 MP: 3/3
   282 | D:1      | Reached skill level 1 in Conjurations
   322 | D:1      | Found a faded altar of an unknown god.
   360 | D:1      | Reached XP level 2. HP: 7/24 MP: 0/5
  1595 | D:2      | Reached XP level 3. HP: 30/31 MP: 2/7
  2836 | D:2      | Reached XP level 4. HP: 34/39 MP: 2/9
  3822 | D:3      | Found Wocki's Distillery.
  4198 | D:3      | Bought a potion of lignification for 39 gold pieces
  4297 | D:3      | Reached XP level 5. HP: 11/45 MP: 3/10
  4311 | D:3      | Killed from afar by an orc priest

Illustrated notes

Levels and vault maps discovered:
D:1:      saegor_arrival_miasma, layout_basic, ebering_ecumenical_altar_mist
D:2:      cheibrodos_fertilizer, layout_basic
D:3:      layout_rooms, serial_shops, shop, serial_bayou, serial_bayou_pond_a,
          serial_bayou_pond_e, serial_bayou_shore_b, serial_bayou_ford_a

Skill      XL: |  1  2  3 |
---------------+----------+-----
Conjurations   | 1 2 |  2.4
Fire Magic     | 3 |  3.5
Spellcasting   | 3 |  3.8
Dodging        | |  1.7
Stealth        | |  1.4

Action                   |  1- 3 |  4- 6 || total
-------------------------+-------+-------++-------
Melee: Unarmed           |    18 |       ||    18
       Hand axe          |    15 |     3 ||    18
 Cast: Foxfire           |    92 |    73 ||   165
Armor: Robe              |    15 |       ||    15
Dodge: Dodged            |    18 |     2 ||    20

Table legend: (Time is in decaauts)
 A = Elapsed time spent in this place.
 B = Non-inter-level travel time spent in this place.
 C = Inter-level travel time spent in this place.
 D = Time resting spent in this place.
 E = Time spent auto-exploring this place.
 F = Levels seen in this place.
 G = Mean time per level.
                   A        B        C        D        E       F      G
               +--------+--------+--------+--------+--------+-----+--------+
         Total |   4316 |   4227 |     89 |   1263 |   2422 |   3 | 1438.7 |
       Dungeon |   4316 |   4227 |     89 |   1263 |   2422 |   3 | 1438.7 |
               +--------+--------+--------+--------+--------+-----+--------+

Top non-repeatable levels by time:
     D:2: 2392 daAuts
     D:1: 1381 daAuts
     D:3: 542 daAuts
